 Seeded DCSS version 0.30.1-4-g462c640d31 (webtiles) character file.

Game seed: 15660985446129201502 (custom seed)

3195 AccursedSamuel the Cruncher (level 9, -2/55 HPs)
             Began as a Tengu Monk on Sept 13, 2023.
             Was a Plaything of Xom.
             Engulfed by a steam dragon's steam (4 damage)
             ... on level 8 of the Dungeon.
             The game lasted 00:16:11 (6266 turns).

AccursedSamuel the Cruncher (Tengu Monk)            Turns: 6266, Time: 00:16:11

Health: -2/55      AC: 16    Str: 13      XL:     9   Next: 96%
Magic:  10/10      EV: 16    Int: 12 (13) God:    Xom [..*...]
Gold:   331        SH:  0    Dex: 18 (20) Spells: 8/8 levels left

rFire   . . .        j - +4 quarterstaff (chaos)
rCold   + + +        (shield currently unavailable)
rNeg    . . .        p - +3 chain mail {rC+}
rPois   .            (helmet restricted)
rElec   .            k - +2 cloak
rCorr   .            (no gloves)
SInv    .            (boots unavailable)
Will    .....        (no amulet) Stlth
                     e - ring of Elyvilon's Regard {rC+ EV+5 Int+3}
HPRegen 0.29/turn    u - ring of protection from cold
MPRegen 0.12/turn

%: no passive effects
@: flying quickly and evasively, hasted, very quick
A: beak, talons 3, nimble flight
a: Renounce Religion


You were on level 8 of the Dungeon.
You worshipped Xom.
You were a toy of Xom.
You visited 2 branches of the dungeon, and saw 9 of its levels.

You collected 331 gold pieces.

Inventory:

Hand Weapons
 j - a +4 quarterstaff of chaos (weapon)
Armour
 d - an orb of light
 k - a +2 cloak (worn)
 p - a +3 chain mail of cold resistance (worn)
Jewellery
 e - the ring of Elyvilon's Regard (left hand) {rC+ EV+5 Int+3}
   (You acquired it on level 1 of the Dungeon)

   [ring of evasion]

   EV:        It affects your evasion (+5).
   Int:       It affects your intelligence (+3).
   rC:        It protects you from cold.
 u - a ring of protection from cold (right hand)
Wands
 o - a wand of iceblast (7)
Scrolls
 f - 7 scrolls of teleportation
 h - 2 scrolls of immolation
 l - 3 scrolls of identify
 m - a scroll of blinking
Potions
 c - 2 potions of ambrosia
 g - a potion of lignification
 i - 2 potions of attraction
 n - a potion of flight
 q - a potion of haste


   Skills:
 + Level 6.3 Fighting
 + Level 4.4(7.8) Maces & Flails
 + Level 10.1(10.5) Staves
 + Level 5.2 Armour
 + Level 6.1 Dodging
 + Level 3.9 Stealth


You had 8 spell levels left.
You didn't know any spells.
Your spell library contained the following spells:

 Spells                   Type           Power      Damage    Failure   Level
 Cigotuvi's Dreadful Rot  Necr/Pois/Air  0%         N/A       100%        2
 Lesser Beckoning         Tloc           0%         N/A       100%        2
 Gell's Gravitas          Tloc           0%         N/A       100%        3
 Ignite Poison            Fire/Tmut/Pois 0%         N/A       100%        3
 Teleport Other           Tloc           0%         N/A       100%        3
 Dispel Undead            Necr           0%         3d6       100%        4
 Sticky Flame             Conj/Fire      0%         2d3       100%        4
 Death Channel            Necr           0%         N/A       100%        6
 Ignition                 Fire           0%         3d3       100%        8


Dungeon Overview and Level Annotations

Branches:
Dungeon (8/15)             Temple (1/1) D:7
   Lair: D:8-11

Altars:
Ashenzari
Cheibriados
Dithmenos
Elyvilon
Gozag
Hepliaklqana
Makhleb
Nemelex Xobeh
Okawaru
Qazlal
Ru
Sif Muna
Trog
Uskayaw
Vehumet
Wu Jian
Xom
Yredelemnul
Zin


Innate Abilities, Weirdness & Mutations

You have a beak for a mouth.
You have claws for feet.
Your magical nature lets you fly swiftly and evasively.


Message History

Reactivating autopickup.
The sky beast hits you. The sky beast shocks you.
The steam dragon misses you. x2
You hit the steam dragon.
The steam dragon easily resists.
You claw the steam dragon, but do no damage.
The steam dragon is lightly wounded.
The sky beast hits you but does no damage.
A steam dragon comes into view.
The steam dragon hisses angrily.
You barely miss the sky beast.
You peck the sky beast, but do no damage.
The sky beast hits you but does no damage.
The wight misses you.
The steam dragon seems less confused.
The sky beast flickers out of sight!
Deactivating autopickup; reactivate with Ctrl-A.
The steam dragon breathes steam at you. The ball of steam hits you!
You are engulfed in a cloud of scalding steam.
A sky beast appears from thin air!
Reactivating autopickup.
The steam dragon breathes steam at you. The ball of steam hits you!
* * * LOW HITPOINT WARNING * * *
The wight is engulfed in a cloud of scalding steam.
You see here 2 potions of heal wounds.
The steam dragon misses you. The steam dragon claws you.
* * * LOW HITPOINT WARNING * * *
You feel yourself speed up. The steam dragon closely misses you. x2
The sky beast closely misses you.
Found a potion of heal wounds.
The steam dragon breathes steam at you. The ball of steam hits you.
* * * LOW HITPOINT WARNING * * *
You are engulfed in a cloud of scalding steam.
* * * LOW HITPOINT WARNING * * *
Okay, then.
You are engulfed in a cloud of scalding steam.
* * * LOW HITPOINT WARNING * * *
Found a stone staircase leading up.
You are engulfed in a cloud of scalding steam.
You die...

.?##.~≈..#.#
§..$D~≈..#...
§~..§§§..#####
§~~~~§#..# .≈≈≈≈#...#
.#......##
........#### #
.#####.....#####.#####
#.!.DY##§@§..!..#
#.....z§§##...#.<
#...D§#### #.# #.....#
.# #######


There were no monsters in sight!

Vanquished Creatures
  The ghost of AccursedSamuel the Ducker, a novice TeMo of Sif Muna (D:6)
  Sigmund (D:4)
  3 yaks (D:6)
  A steam dragon (D:7)
  Menkaure (D:6)
  Edmund (D:5)
  An orc warrior (D:7)
  2 sky beasts
  2 centaurs (D:6)
  2 ogres
  A gnoll sergeant (D:7)
  3 scorpions
  4 wights (D:6)
  A howler monkey (D:6)
  5 hounds
  3 quasits (D:5)
  Crazy Yiuf (D:2)
  An orc priest (D:4)
  5 iguanas
  2 sleepcaps
  Ijyb (D:4)
  3 orc wizards
  8 gnolls
  4 adders
  4 shadow imps
  2 white imps (D:5)
  7 ufetubi
  A worm (D:4)
  3 dart slugs
  14 orcs
  5 endoplasms
  A giant cockroach (D:2)
  6 goblins
  6 hobgoblins
  3 kobolds
  4 quokkas
  4 ball pythons
  2 bats
  A frilled lizard (D:2)
  6 rats
  A spectral kobold (D:2)
127 creatures vanquished.

Notes
Turn   | Place    | Note
-------+----------+-------------------------------------------
     0 | D:1      | AccursedSamuel the Tengu Monk began the quest for the Orb.
     0 | D:1      | Reached XP level 1. HP: 14/14 MP: 2/2
    75 | D:1      | Reached XP level 2. HP: 16/19 MP: 3/3
   144 | D:1      | Identified a scroll of acquirement
   144 | D:1      | Acquired the ring of Elyvilon's Regard {rC+ EV+5 Int+3}
   338 | D:2      | Found a faded altar of an unknown god.
   344 | D:2      | Reached XP level 3. HP: 11/23 MP: 4/4
   425 | D:2      | Found a runed translucent door.
   426 | D:2      | Noticed Crazy Yiuf
   434 | D:2      | Killed Crazy Yiuf
   435 | D:2      | Reached XP level 4. HP: 8/28 MP: 3/5
  1144 | D:3      | Found an ornate altar of the Wu Jian Council.
  1483 | D:4      | Reached skill level 1 in Staves
  1501 | D:4      | Gained mutation: Your magical nature lets you fly swiftly
                  | and evasively. [Tengu growth]
  1501 | D:4      | Reached XP level 5. HP: 19/33 MP: 6/6
  1803 | D:4      | Reached skill level 2 in Staves
  1870 | D:4      | Reached skill level 1 in Stealth
  1870 | D:4      | Reached XP level 6. HP: 35/38 MP: 7/7
  1906 | D:4      | Reached skill level 3 in Staves
  2112 | D:4      | Noticed Ijyb
  2119 | D:4      | Noticed Sigmund
  2123 | D:4      | Killed Ijyb
  2134 | D:4      | Killed Sigmund
  2135 | D:4      | Reached skill level 4 in Staves
  2347 | D:4      | Reached XP level 7. HP: 43/43 MP: 8/8
  2700 | D:5      | Entered Level 5 of the Dungeon
  2704 | D:5      | Noticed Edmund
  2718 | D:5      | Killed Edmund
  2719 | D:5      | Reached skill level 5 in Staves
  2883 | D:5      | Reached skill level 5 in Dodging
  3147 | D:5      | Found a sacrificial altar of Ru.
  3269 | D:5      | Reached skill level 6 in Staves
  3269 | D:5      | Reached XP level 8. HP: 48/48 MP: 9/9
  3436 | D:5      | Found a white marble altar of Elyvilon.
  3468 | D:5      | Reached skill level 1 in Armour
  3938 | D:6      | Noticed Menkaure
  3942 | D:6      | Killed Menkaure
  3955 | D:6      | Reached skill level 5 in Fighting
  3955 | D:6      | Reached skill level 7 in Staves
  4334 | D:6      | Found a runed translucent gate.
  4334 | D:6      | Found a runed translucent gate.
  4337 | D:6      | Found a runed translucent gate.
  4390 | D:6      | Noticed AccursedSamuel's ghost (novice TeMo)
  4407 | D:6      | Killed AccursedSamuel's ghost
  4408 | D:6      | Reached skill level 8 in Staves
  4408 | D:6      | Reached XP level 9. HP: 30/54 MP: 10/10
  4616 | D:6      | Reached skill level 9 in Staves
  4880 | D:6      | Found a hide-covered altar of Uskayaw.
  5429 | D:7      | Found a staircase to the Ecumenical Temple.
  5671 | Temple   | Entered the Ecumenical Temple
  5839 | Temple   | Became a worshipper of Xom of Chaos
  5860 | D:7      | XOM: silly message
  5868 | D:7      | XOM: smoke on damage
  5881 | D:7      | XOM: silly message
  5969 | D:7      | Reached skill level 10 in Staves
  5978 | D:7      | XOM: silly message
  5994 | D:7      | Reached skill level 5 in Armour
  6018 | D:7      | XOM: silly message
  6162 | D:7      | XOM: silly message
  6245 | D:8      | XOM: confuse monster(s)
  6265 | D:8      | HP: 2/55 [something] (3)]
  6266 | D:8      | Engulfed by a steam dragon's steam

Illustrated notes

Levels and vault maps discovered:
D:1:      minmay_arrival_pointy, layout_loops_ring, minmay_gold_behind_fungi
D:2:      layout_basic, dreamdust_ecumenical_altar_drowned_temple,
          hangedman_decor_clover_reticule, fountainhead,
          uniq_crazy_yiuf_cottage, uniq_jessica
D:3:      layout_loops_ring, general_overflow_altar, serial_bayou_pond_d
D:4:      layout_basic, nicolae_eternal_life, uniq_ijyb, uniq_sigmund
D:5:      layout_layer_cave, mainiacjoe_overflow_small_starburst,
          elyvilon_altar_1, serial_demonic, serial_demonic_e, serial_demonic_b,
          serial_demonic_e, serial_demonic_a, serial_demonic_e,
          serial_demonic_e, serial_demonic_g, serial_demonic_a,
          serial_demonic_d, serial_demonic_g, uniq_edmund
D:6:      layout_basic, nicolae_uskayaw_suspiria, ebering_ghost_rock_garden,
          minivault_22, uniq_menkaure
D:7:      layout_cave_pools, minmay_temple_entry_junction_2, hex_tiny,
          nicolae_kite_square_tiling_tiny
D:8:      gammafunk_corrupted_shrine, layout_loops_cross, lemuel_crystal_altar,
          minmay_lair_entry_grove, hangedman_misty_isle
Temple:   nicolae_temple_superstar

Skill      XL: |  1  2  3  4  5  6  7  8  9 |
---------------+----------------------------+-----
Maces & Flails | 4 |  4.4
Dodging        | 4 5 6 |  6.1
Staves         | 1 2 4 6 8 10 | 10.1
Fighting       | 4 5 6 |  6.3
Stealth        | 1 2 3 |  3.9
Armour         | 3 5 |  5.2

Action                     |  1- 3 |  4- 6 |  7- 9 || total
---------------------------+-------+-------+-------++-------
  Melee: Mace              |    37 |       |       ||    37
         Kick              |    18 |    21 |    81 ||   120
         Peck              |     6 |    11 |    51 ||    68
         Quarterstaff      |       |   102 |   240 ||   342
    Use: Scroll            |     1 |       |     9 ||    10
         Potion            |       |       |    10 ||    10
   Stab: Sleeping          |       |     5 |       ||     5
         Paralysed         |       |       |     2 ||     2
 Armour: Robe              |     8 |    10 |       ||    18
         Chain mail        |       |       |   156 ||   156
  Dodge: Dodged            |    42 |    89 |   313 ||   444
